 Dungeon Crawl Stone Soup version 0.25-a0-110-ge29c8f2358 (console) character file.

Game seed: 10993365370691988288, levelgen mode: deterministic

4743 Kagalorn the Archer (level 10, 0/81 HPs)
             Began as a Centaur Hunter on Nov 19, 2019.
             Was an Elder of Okawaru.
             Slain by a shadow (3 damage)
             ... on level 9 of the Dungeon.
             The game lasted 00:28:45 (9671 turns).

Kagalorn the Archer (Centaur Hunter)                Turns: 9671, Time: 00:28:46

Health: 0/81       AC: 10    Str: 18    XL:     10   Next: 22%
Magic:  13/13      EV:  5    Int: 10    God:    Okawaru [****..]
Gold:   474        SH:  0    Dex: 10    Spells: 9/9 levels left

rFire    . . .     SeeInvis .   a - +3 trident (pierce)
rCold    . . .     Gourm    .   (no shield)
rNeg     . . .     Faith    .   C - +0 chain mail
rPois    .         Spirit   .   (no helmet)
rElec    .         Reflect  .   (no cloak)
rCorr    .         Harm     .   B - +2 pair of gloves
MR       .....                  (no barding)
Stlth    ..........             (no amulet)
HPRegen  0.23/turn              (no ring)
MPRegen  0.13/turn              (no ring)

@: very quick
A: large, hooves 3, deformed body, speed 2, tough skin 3
a: Heroism, Renounce Religion


You were on level 9 of the Dungeon.
You worshipped Okawaru.
Okawaru was greatly pleased with you.
You were not hungry.

You visited 2 branches of the dungeon, and saw 11 of its levels.

You collected 474 gold pieces.

Inventory:

Hand Weapons
 a - a +3 trident of piercing (weapon)
 b - a +2 shortbow of flaming
 r - a +1 war axe of electrocution
 x - a cursed -1 quarterstaff
 J - a +4 battleaxe
Missiles
 d - 207 arrows
 h - 70 bolts
 l - 16 poisoned darts (quivered)
 G - a throwing net
Armour
 k - a +0 shield
 B - a +2 pair of gloves (worn)
 C - a +0 chain mail (worn)
 Q - a +0 ring mail of magic resistance
Jewellery
 c - an uncursed ring of see invisible {unknown}
 e - a +3 ring of intelligence {unknown}
 v - a +3 amulet of reflection {unknown}
 E - an uncursed amulet of the acrobat {unknown}
 F - an uncursed ring of stealth {unknown}
 L - an uncursed ring of protection from cold {unknown}
Wands
 R - a wand of paralysis (10)
Scrolls
 g - 2 scrolls of fear {unknown}
 i - a scroll of amnesia {unknown}
 j - 5 scrolls of teleportation {unknown}
 m - 2 scrolls of blinking {unknown}
 n - a scroll of random uselessness {unknown}
 o - 5 scrolls of identify {unknown}
 s - 4 scrolls of enchant armour {unknown}
 t - a scroll of fog {unknown}
 u - 3 scrolls of magic mapping {unknown}
 y - 3 scrolls of remove curse {unknown}
 z - 2 scrolls of enchant weapon {unknown}
 H - a scroll of immolation {unknown}
Potions
 p - 2 potions of heal wounds
 q - 4 potions of curing
 w - 4 potions of lignification {unknown}
 A - 2 potions of ambrosia {unknown}
 D - 2 potions of brilliance {unknown}
 I - 3 potions of agility {unknown}
 K - a potion of resistance {unknown}
 M - a potion of cancellation {unknown}
 N - a potion of degeneration {unknown}
 O - a potion of berserk rage {unknown}
Comestibles
 f - 14 rations
 P - a chunk of flesh


   Skills:
 - Level 5.0 Fighting
 * Level 8.9 Polearms
 * Level 12.0 Bows
 - Level 1.0 Armour
 - Level 2.0 Dodging
 - Level 2.0 Stealth
 * Level 4.7 Invocations


You had 9 spell levels left.
You didn't know any spells.
Your spell library contained the following spells:

 Spells                   Type           Power        Failure   Level  Hunger
 Summon Small Mammal      Summ           #...         99%         1    ##.....
 Call Imp                 Summ           #.......     100%        2    ###....
 Call Canine Familiar     Summ           #.......     100%        3    ####...
 Gell's Gravitas          Tloc           #.........   100%        3    ####...
 Portal Projectile        Hex/Tloc       #.....       100%        3    ####...
 Summon Guardian Golem    Hex/Summ       #.......     100%        3    ####...
 Force Lance              Conj/Tloc      #.......     100%        4    #####..
 Summon Ice Beast         Ice/Summ       #.......     100%        4    #####..
 Summon Lightning Spire   Summ/Air       #.......     100%        4    #####..
 Dispersal                Tloc           #.........   100%        6    #######
 Controlled Blink         Tloc           N/A          100%        8    #######
 Disjunction              Tloc           #.........   100%        8    #######


Dungeon Overview and Level Annotations

Branches:
Dungeon (10/15)            Temple (1/1) D:4
   Lair: D:8-11         Orc: D:9-12

Altars:
Ashenzari
Cheibriados
Dithmenos
Elyvilon
Fedhas
Gozag
Hepliaklqana
Kikubaaqudgha
Makhleb
Nemelex Xobeh
Okawaru
Qazlal
Ru
Sif Muna
Trog
Uskayaw
Vehumet
Wu Jian
Xom
Yredelemnul
Zin
The Shining One


Innate Abilities, Weirdness & Mutations

You have hooves in place of feet.
Armour fits poorly on your strangely shaped body.
You cover ground very quickly.
You have extremely tough skin. (AC +3)


Message History

The bullfrog completely misses you.
Okay, then.
Press: ? - help, v - describe, . - travel The floor.
There is an open door, spattered with blood here.
The bullfrog hits you but does no damage.
You see here a +1 shortbow.
There is a stone staircase leading down here.
The bullfrog hits you but does no damage. x2
You climb downwards.
Reactivating autopickup. 2 yaks and a steam dragon come into view.
The yak bellows! x2
There is a stone staircase leading up here.
The bullfrog hits you but does no damage.
You climb upwards.
The shadow strikes at you from the darkness!
* * * LOW HITPOINT WARNING * * *
The shadow hits you.
You die...

... #.......##{
#######.#########.#####.
........................
...............)........
........................
........................
........................
......F.W.TZ............
.......@#.##........##..
.......[..........#####.
....(...#(.........# #
............###.#.##
........#.### ...#.#
..>.....### #......#
........# ....##
......... ..## .......


You could see a troll, a shadow, a bullfrog and a centaur skeleton.

Vanquished Creatures
  A two-headed ogre (D:8)
  Pikel (D:6)
  A steam dragon (D:9)
  4 yaks (D:9)
  3 sky beasts
  An ice beast (D:8)
  3 ogres
  2 black bears (D:8)
  A necrophage (D:5)
  A phantom (D:4)
  2 centaurs (D:9)
  3 bullfrogs
  A scorpion (D:6)
  8 killer bees (D:8)
  3 wights
  4 howler monkeys
  A crimson imp (D:8)
  A jelly (D:4)
  3 hounds
  2 orc priests
  2 gnoll shamans (D:5)
  4 bullfrog skeletons
  An iguana (D:8)
  6 orc wizards
  4 worker ants
  A hound zombie (D:5)
  2 worker ant zombies (D:9)
  8 gnolls (D:5)
  14 adders
  2 shadow imps
  3 worms
  A dart slug (D:3)
  6 leopard geckos
  20 orcs
  8 bats
  4 giant cockroaches
  2 goblins (D:3)
  4 hobgoblins
  4 jackals (D:5)
  3 quokkas
  3 frilled lizards
  2 jackal skeletons (D:6)
  2 kobolds (D:1)
  A quokka zombie (D:9)
  10 rats
163 creatures vanquished.

Notes
Turn   | Place    | Note
-------+----------+-------------------------------------------
     0 | D:1      | Kagalorn the Centaur Hunter began the quest for the Orb.
     0 | D:1      | Reached XP level 1. HP: 17/17 MP: 1/1
   244 | D:1      | Reached XP level 2. HP: 18/24 MP: 2/2
  1093 | D:2      | HP: 1/24 [poisoned by an adder]
  1096 | D:2      | Reached skill level 6 in Bows
  1096 | D:2      | Reached XP level 3. HP: 27/29 MP: 3/3
  2018 | D:3      | Reached XP level 4. HP: 18/37 MP: 4/4
  2315 | D:3      | Reached skill level 1 in Armour
  2982 | D:4      | Reached skill level 7 in Bows
  2982 | D:4      | Reached XP level 5. HP: 23/42 MP: 5/5
  3168 | D:4      | Found a staircase to the Ecumenical Temple.
  3174 | Temple   | Entered the Ecumenical Temple
  3339 | Temple   | Became a worshipper of Warmaster Okawaru
  3395 | D:4      | Noticed a phantom
  3412 | D:4      | Killed a phantom
  3412 | D:4      | Reached skill level 1 in Polearms
  3412 | D:4      | Reached skill level 1 in Stealth
  3425 | D:4      | Noticed an ogre
  3447 | D:4      | Killed an ogre
  3447 | D:4      | Reached XP level 6. HP: 42/51 MP: 6/6
  3733 | D:4      | Reached skill level 8 in Bows
  3860 | D:3      | Reached * piety under Okawaru
  4314 | D:5      | Entered Level 5 of the Dungeon
  4565 | D:5      | Reached XP level 7. HP: 55/57 MP: 7/7
  4720 | D:4      | Reached skill level 1 in Invocations
  4745 | D:4      | Reached skill level 9 in Bows
  5615 | D:6      | Reached XP level 8. HP: 43/66 MP: 9/9
  5619 | D:6      | Noticed Pikel
  5635 | D:5      | Reached ** piety under Okawaru
  5947 | D:6      | Killed Pikel
  5947 | D:6      | Reached skill level 5 in Polearms
  6062 | D:6      | Reached skill level 5 in Fighting
  6453 | D:7      | Found a snail-covered altar of Cheibriados.
  7058 | D:7      | Reached XP level 9. HP: 65/74 MP: 11/11
  7215 | D:7      | Reached skill level 10 in Bows
  7743 | D:8      | Noticed a two-headed ogre
  7797 | D:8      | Killed a two-headed ogre
  7797 | D:8      | Reached *** piety under Okawaru
  7797 | D:8      | Reached skill level 11 in Bows
  9160 | D:9      | Reached **** piety under Okawaru
  9160 | D:9      | Received a gift from Okawaru
  9170 | D:9      | Reached XP level 10. HP: 60/81 MP: 13/13
  9453 | D:9      | Reached skill level 12 in Bows
  9465 | D:9      | Received a gift from Okawaru
  9669 | D:10     | Entered Level 10 of the Dungeon
  9671 | D:9      | HP: 3/81 [something (10)]
  9671 | D:9      | Slain by a shadow

Levels and vault maps discovered:
D:1:      sevenhm_arrival_forest_fort_large_2, layout_basic
D:2:      layout_loops_ring
D:3:      layout_basic
D:4:      layout_gridville, minmay_temple_entry_hall, first_ration,
          kennysheep_generic_room_8
D:5:      layout_cave_pools
D:6:      layout_gridville, uniq_pikel
D:7:      layout_basic, basic_altar, nicolae_sextant
D:8:      layout_loops_cross
D:9:      minmay_the_grid_4x2 [minmay_the_grid_slots, minmay_the_grid_paths,
          minmay_the_grid_dragon_a, minmay_the_grid_zigzag_pyramid,
          minmay_the_grid_x, minmay_the_grid_tree, minmay_the_grid_diamond_grid,
          minmay_the_grid_prize_inner_circle], layout_cross, slow_altar_2,
          grunt_livestock
D:10:     layout_basic, david_lair_generic, basic_altar, serial_undead,
          serial_undead_e, serial_undead_e, serial_undead_b, serial_undead_b
Temple:   compressed_dpeg_triangle_lava_temple

Skill      XL: |  1  2  3  4  5  6  7  8  9 10 |
---------------+-------------------------------+-----
Bows           | 6 7 8 9 11 12 | 12.0
Armour         | 1 |  1.0
Polearms       | 1 3 6 8 |  8.9
Dodging        | 2 |  2.0
Stealth        | 1 2 |  2.0
Fighting       | 3 4 5 |  5.0
Invocations    | 1 3 4 |  4.7

Action                   |  1- 3 |  4- 6 |  7- 9 | 10-12 || total
-------------------------+-------+-------+-------+-------++-------
Melee: Short sword       |    86 |       |       |       ||    86
       Kick              |    18 |    21 |    52 |    21 ||   112
       Spear             |    48 |    95 |    27 |       ||   170
       Shortbow          |       |     1 |       |       ||     1
       Trident           |       |       |   262 |    66 ||   328
 Fire: Shortbow          |    41 |   112 |    78 |       ||   231
  Use: Potion            |     2 |     1 |       |       ||     3
  Eat: Chunk             |     2 |     7 |     5 |     2 ||    16
       Ration            |       |       |     2 |       ||     2
Armor: Leather armour    |    41 |       |       |       ||    41
       Scale mail        |    42 |    44 |       |       ||    86
       Chain mail        |       |    55 |   182 |    34 ||   271
Dodge: Dodged            |    92 |    37 |    75 |     4 ||   208

Table legend:
 A = Non-vault XP
 B = Vault XP
 C = Vault XP percentage of total XP
 D = Non-vault monster count
 E = Vault monster count
 F = Vault count percentage of total count
                 A         B        C        D         E       F
            +---------+---------+-------+---------+---------+-------
      Total |    5594 |    1182 |  17.4 |     154 |       9 |   5.5
            +---------+---------+-------+---------+---------+-------
        D:1 |      26 |       0 |   0.0 |      17 |       0 |   0.0
        D:2 |      52 |       0 |   0.0 |      10 |       0 |   0.0
        D:3 |     175 |       0 |   0.0 |      23 |       0 |   0.0
        D:4 |     523 |      43 |   7.6 |      15 |       1 |   6.2
        D:5 |     520 |       0 |   0.0 |      29 |       0 |   0.0
        D:6 |     759 |     607 |  44.4 |      12 |       1 |   7.7
        D:7 |     259 |       0 |   0.0 |      11 |       0 |   0.0
        D:8 |    2171 |       0 |   0.0 |      26 |       0 |   0.0
        D:9 |    1109 |     532 |  32.4 |      11 |       7 |  38.9
            +---------+---------+-------+---------+---------+-------
